 Dungeon Crawl Stone Soup version 0.30-a0-170-g85af917532 (webtiles) character file.

Game seed: 9844162752704918080

86 qw the Chopper (level 4, -1/28 HPs)
             Began as a Gargoyle Fighter on Sept 30, 2022.
             Slain by an endoplasm (2 damage)
             ... on level 2 of the Dungeon.
             The game lasted 00:00:40 (1581 turns).

qw the Chopper (Gargoyle Fighter)                   Turns: 1581, Time: 00:00:40

Health: -1/28      AC:  6    Str: 21    XL:     4   Next: 50%
Magic:  4/4        EV:  9    Int:  9    God:
Gold:   136        SH:  4    Dex:  9    Spells: 3/3 levels left

rFire   . . .      SeeInvis .    Y - +0 war axe
rCold   . . .      Faith    .    c - +0 buckler
rNeg    + . .      Spirit   .    b - +0 scale mail
rPois   inf        Reflect  .    (no helmet)
rElec   +          Harm     .    (no cloak)
rCorr   .          Rampage  .    (no gloves)
Will    .....                    (no boots)
Stlth   ..........               (no amulet)
HPRegen 0.09/turn                (no ring)
MPRegen 0.09/turn                (no ring)

@: corroded
A: sickness immunity, AC +3, negative energy resistance 1, electricity
resistance, torment resistance 1, petrification resistance
a: no special abilities


You were on level 2 of the Dungeon.
You visited 1 branch of the dungeon, and saw 2 of its levels.

You collected 136 gold pieces.


Innate Abilities, Weirdness & Mutations

You are immune to sickness and miasma.
Your stone body is resilient. (AC +3)
You are immune to poison.
You resist negative energy. (rN+)
You are resistant to electric shocks. (rElec)
You are resistant to unholy torment.
You are immune to petrification.


   Skills:
 - Level 3.2 Fighting
 + Level 4.2 Axes
 - Level 3.2 Armour
 - Level 3.2 Shields


You had 3 spell levels left.
You didn't know any spells.
Your spell library was empty.

Inventory:

Hand Weapons
 i - a +0 mace
 Y - a +0 war axe (weapon)
Missiles
 e - 3 boomerangs (quivered)
Armour
 b - a +0 scale mail (worn)
 c - a +0 buckler (worn)
 h - a +0 chain mail
Scrolls
 a - 3 scrolls of identify
Potions
 d - 2 potions of might
 f - 5 potions of curing
 g - 2 potions of berserk rage {unknown}
 j - a potion of flight {unknown}

Dungeon Overview and Level Annotations

Branches:
Dungeon (2/15)

Altars:
Hepliaklqana


Message History

A nearby fungus withers and dies.
The endoplasm barely misses you.
The endoplasm jiggles.
The endoplasm completely misses you.
The endoplasm jiggles.
You slash the jelly!
Your hands burn!
The jelly is heavily wounded.
You hit the endoplasm. The endoplasm freezes you.
You are frozen.
You hit the endoplasm.
You kill the endoplasm!
You slash the endoplasm!
You kill the endoplasm!
You barely miss the jelly. The jelly closely misses you.
You hit the jelly but do no damage.
Your hands burn!
The jelly is heavily wounded.
You slash the endoplasm!
You kill the endoplasm!
The jelly hits you. The acid corrodes you!
You are splashed with acid.
The endoplasm hits you but does no damage.
The jelly barely misses you. You block the endoplasm's attack.
You have reached level 4!
You feel clever.
You slash the jelly!
You kill the jelly!
You completely miss the endoplasm. You hit the endoplasm but do no damage.
The endoplasm hits you but does no damage.
The endoplasm freezes you.
You are frozen.
Your Axes skill increases to level 4!
You hit the endoplasm but do no damage. x2
The endoplasm freezes you.
You are frozen.
The endoplasm freezes you.
You are frozen.
You slash the endoplasm!
You kill the endoplasm!
You hit the endoplasm. The endoplasm hits you.
You die...

.......#####.#########
.......# #.###########
.......#####.##.....P..$
#####........##...P%%%.%
##########.#.##.......P.
.............##.....P.P.
##########.####.........
#### ##...# #..J..P.P.
...# ##..### #@#######
##.###..## ##.....)##
.#.#.%.#### ########.#
.#.)......... #....'..##
##...#######w #....####
.....# #...)...##..
.....# #.......##.#
#.>#.# ## #.......##.#
#..#.# .# #.......##.#


You could see an endoplasm.

Vanquished Creatures
  A jelly (D:2)
  A worm (D:2)
  2 bats
  9 endoplasms
  A giant cockroach (D:1)
  2 hobgoblins (D:1)
  4 jackals (D:1)
  14 kobolds
  3 quokkas
  6 ball pythons
  2 frilled lizards
  4 goblins
  4 rats (D:1)
53 creatures vanquished.

Vanquished Creatures (others)
  A fungus (D:2)
  A plant (D:2)
  6 toadstools (D:2)
8 creatures vanquished.

Grand Total: 61 creatures vanquished

Notes
Turn   | Place    | Note
-------+----------+-------------------------------------------
     0 | D:1      | qw the Gargoyle Fighter began the quest for the Orb.
     0 | D:1      | Reached XP level 1. HP: 14/14 MP: 1/1
     0 | D:1      | 0 ||| qw: Version: 0.2-a-12-gaebbb33
     0 | D:1      | 0 ||| qw: Game counter: 1446
     0 | D:1      | 0 ||| qw: Always use a shield: true
     0 | D:1      | 0 ||| qw: God list: Okawaru
     0 | D:1      | 0 ||| qw: Allow faded altars: false
     0 | D:1      | 0 ||| qw: Do Orc after D:15 true
     0 | D:1      | 0 ||| qw: Do second Lair branch before Depths: true
     0 | D:1      | 0 ||| qw: Lair rune preference: random
     0 | D:1      | 0 ||| qw: Plans: Normal, Zot:1-4, God:TSO, Crypt, Tomb,
                  | Pan, Slime:5, Hells, Abyss, Orb
     0 | D:1      | 0 ||| PLANNING D:1-11
    70 | D:1      | Reached skill level 2 in Axes
    86 | D:1      | 86 ||| Stepping ~*~*~tactically~*~*~ (stealth).
   119 | D:1      | Reached XP level 2. HP: 16/19 MP: 2/2
   188 | D:1      | 188 ||| DROPPING +0 club.
   539 | D:1      | Reached skill level 3 in Axes
   756 | D:1      | Found a faded altar of an unknown god.
   785 | D:1      | Reached XP level 3. HP: 23/23 MP: 3/3
  1013 | D:1      | 1013 ||| DROPPING scarf of invisibility.
  1014 | D:1      | 1014 ||| READING 3 scrolls labelled JIVVUGROIG.
  1015 | D:1      | 1015 ||| READING scroll labelled SOERUTTAAGG.
  1016 | D:1      | 1016 ||| READING scroll labelled KUIXO REFI.
  1020 | D:1      | 1020 ||| READING scroll labelled APSIUSISEY.
  1021 | D:1      | 1021 ||| DRINKING 5 green potions.
  1101 | D:2      | 1101 ||| Stepping ~*~*~tactically~*~*~ (stealth).
  1113 | D:2      | Found a hazy altar of Hepliaklqana.
  1364 | D:2      | 1364 ||| Stepping ~*~*~tactically~*~*~ (stealth).
  1366 | D:2      | 1366 ||| Stepping ~*~*~tactically~*~*~ (stealth).
  1455 | D:2      | 1455 ||| Stepping ~*~*~tactically~*~*~ (stealth).
  1468 | D:2      | 1468 ||| FLEEEEING.
  1472 | D:2      | 1472 ||| FLEEEEING.
  1473 | D:2      | 1473 ||| FLEEEEING.
  1476 | D:2      | 1476 ||| FLEEEEING.
  1477 | D:2      | 1477 ||| FLEEEEING.
  1478 | D:2      | 1478 ||| FLEEEEING.
  1479 | D:2      | 1479 ||| FLEEEEING.
  1484 | D:2      | 1484 ||| FLEEEEING.
  1485 | D:2      | 1485 ||| FLEEEEING.
  1579 | D:2      | Reached XP level 4. HP: 8/28 MP: 4/4
  1579 | D:2      | HP: 4/28 [frozen (4)]
  1580 | D:2      | Reached skill level 4 in Axes
  1580 | D:2      | HP: 1/28 [frozen (2)]
  1581 | D:2      | Slain by an endoplasm

Levels and vault maps discovered:
D:1:      shiori_shiawase, layout_basic, shapermc_ecumenical_altar_totnotflames,
          st_stairs_8
D:2:      cheibrodos_fertilizer, layout_basic, basic_altar, serial_bayou_pond_e

Skill      XL: |  1  2  3  4 |
---------------+-------------+-----
Axes           | 2 3 4 |  4.2
Fighting       | |  3.2
Armour         | |  3.2
Shields        | |  3.2

Action                   |  1- 3 |  4- 6 || total
-------------------------+-------+-------++-------
Melee: War axe           |   106 |     3 ||   109
Throw: Boomerang         |    25 |       ||    25
  Use: Scroll            |     4 |       ||     4
       Potion            |     1 |       ||     1
Armor: Scale mail        |    48 |     1 ||    49
Dodge: Dodged            |    53 |       ||    53
Block: Buckler           |    22 |       ||    22

Table legend:
 A = Non-vault XP
 B = Vault XP
 C = Vault XP percentage of total XP
 D = Non-vault monster count
 E = Vault monster count
 F = Vault count percentage of total count
                 A         B        C        D         E       F
            +---------+---------+-------+---------+---------+-------
      Total |      58 |      68 |  54.0 |      36 |      17 |  32.1
            +---------+---------+-------+---------+---------+-------
        D:1 |      41 |       1 |   2.4 |      26 |       1 |   3.7
        D:2 |      17 |      67 |  79.8 |      10 |      16 |  61.5
            +---------+---------+-------+---------+---------+-------
